 Dungeon Crawl Stone Soup version 0.32-a0-42-ga30500b4d3 (webtiles) character file.

Game seed: 16143074630589853995

333 Ambrosia the Shield-Bearer (level 6, -4/48 HPs)
             Began as a Demonspawn Fighter on Feb 2, 2024.
             Slain by a cerulean imp
             ... wielding a +1 spear
             ... summoned by Natasha
              (5 damage)
             ... on level 3 of the Dungeon.
             The game lasted 00:05:56 (2133 turns).

Ambrosia the Shield-Bearer (Demonspawn Fighter)     Turns: 2133, Time: 00:05:57

Health: -4/48      AC:  7    Str: 18    XL:     6   Next: 27%
Magic:  6/6        EV: 10    Int:  9    God:
Gold:   78         SH: 10    Dex: 12    Spells: 5/5 levels left

rFire   . . .        a - +0 trident
rCold   + . .        c - +1 buckler
rNeg    . . .        h - +2 ring mail {rC+}
rPois   .            (no helmet)
rElec   .            (no cloak)
rCorr   .            (no gloves)
SInv    .            (no boots)
Will    .....        (no amulet)
Stlth   +            (no ring)
HPRegen 0.28/turn    (no ring)
MPRegen 0.10/turn

%: no passive effects
@: brilliant
A: large bone plates 1, demonic magic 2
a: no special abilities


You were on level 3 of the Dungeon.
You visited 1 branch of the dungeon, and saw 3 of its levels.

You collected 78 gold pieces.

Inventory:

Hand Weapons
 a - a +0 trident (weapon)
Armour
 c - a +1 buckler (worn)
 h - a +2 ring mail of cold resistance (worn)
   (You found it on level 2 of the Dungeon)
Scrolls
 g - a scroll of blinking {!r!d}
Potions
 e - a potion of enlightenment {unknown}


   Skills:
 + Level 4.1 Fighting
 + Level 3.1 Polearms
 + Level 3.7 Armour
 * Level 4.5 Shields


You had 5 spell levels left.
You didn't know any spells.
Your spell library contained the following spells:

 Spells                   Type           Power      Damage    Failure   Level
 Necrotise                Necr           0%         1d4       65%         1
 Dazzling Flash           Conj/Hex       0%         N/A       95%         3
 Mephitic Cloud           Conj/Alch/Air  0%         N/A       95%         3
 Vampiric Draining        Necr           0%         2d6       95%         3
 Martyr's Knell           Necr/Summ      0%         N/A       100%        4
 Curse of Agony           Necr           0%         N/A       100%        5
 Silence                  Hex/Air        0%         N/A       100%        5


Dungeon Overview and Level Annotations

Branches:
Dungeon (3/15) Zot: 15810

Altars:

Annotations:
D:3 Natasha, Sigmund


Innate Abilities, Weirdness & Mutations

You are partially covered in large bone plates. (SH +4)
Spells you cast may paralyse nearby enemies.


Message History

Aim: Sigmund, wielding a +1 scythe of pain and wearing a +2 robe of resistance (severely wounded, 52% to hit)
You throw a silver javelin.
The silver javelin barely misses Sigmund.
Sigmund closely misses you.
Reach: a) +0 trident
Press: ? - help, Dir - move target, f/p - Sigmund
Aim: Sigmund, wielding a +1 scythe of pain and wearing a +2 robe of resistance (severely wounded, about 45% to evade your +0 trident)
You reach to attack!
You closely miss Sigmund.
Reach: a) +0 trident
Press: ? - help, Dir - move target, f/p - Sigmund
Aim: Sigmund, wielding a +1 scythe of pain and wearing a +2 robe of resistance (severely wounded, about 45% to evade your +0 trident)
You reach to attack!
You barely miss Sigmund.
Sigmund points at you and mumbles some strange words.
You are confused.
Sigmund hits you from afar with a +1 scythe of pain.
You writhe in agony.
You take 5 damage, and have 29/48 hp.
You're too confused to aim your attacks!
You're too confused to aim your attacks!
You bump into the rock wall.
Sigmund points at you and mumbles some strange words.
The puff of flame hits you!
You take 10 damage, and have 20/48 hp.
MASSIVE DAMAGE!!
You bump into the rock wall.
Sigmund hits you from afar with a +1 scythe of pain.
You take 3 damage, and have 18/48 hp.
Sigmund misses you.
You see here a silver javelin.
You're too confused to aim your attacks!
You're too confused to aim your attacks!
You bump into the rock wall.
You feel less confused.
You closely miss Sigmund.
Natasha, Servant of Life and Death comes into view.
You block Sigmund's attack.
Reach: a) +0 trident
Press: ? - help, Dir - move target, f/p - Sigmund
Aim: Sigmund, wielding a +1 scythe of pain and wearing a +2 robe of resistance (severely wounded, about 45% to evade your +0 trident) Natasha hisses angrily.
You hit Sigmund. You block Sigmund's attack.
Reach: a) +0 trident
Press: ? - help, Dir - move target, f/p - Sigmund
Aim: Sigmund, wielding a +1 scythe of pain and wearing a +2 robe of resistance (almost dead, about 45% to evade your +0 trident)
You barely miss Sigmund. Sigmund gestures at you while chanting.
You resist with some effort.
Natasha casts a spell.
Reach: a) +0 trident
Press: ? - help, Dir - move target, f/p - Sigmund
Aim: Sigmund, wielding a +1 scythe of pain and wearing a +2 robe of resistance (almost dead, about 45% to evade your +0 trident)
You barely miss Sigmund. You block Sigmund's attack.
Reach: a) +0 trident
Press: ? - help, Dir - move target, f/p - Sigmund
Aim: Sigmund, wielding a +1 scythe of pain and wearing a +2 robe of resistance (almost dead, about 45% to evade your +0 trident)
You hit Sigmund but do no damage.
Reach: a) +0 trident
Press: ? - help, Dir - move target, f/p - Sigmund
Aim: Sigmund, wielding a +1 scythe of pain and wearing a +2 robe of resistance (almost dead, about 45% to evade your +0 trident)
You barely miss Sigmund. You block Sigmund's attack.
Reach: a) +0 trident
Press: ? - help, Dir - move target, f/p - Sigmund
Aim: Sigmund, wielding a +1 scythe of pain and wearing a +2 robe of resistance (almost dead, about 45% to evade your +0 trident)
You closely miss Sigmund. You block the cerulean imp's attack.
Sigmund points at you and mumbles some strange words.
You are confused.
Natasha claws you but does no damage.
You're too confused to aim your attacks!
You bump into the rock wall.
The cerulean imp closely misses you. Sigmund gestures at you while chanting.
The magic dart hits you. Natasha misses you.
You take 5 damage, and have 16/48 hp.
Unknown command.
You bump into the rock wall.
The cerulean imp hits you but does no damage.
Sigmund barely misses you. Natasha claws you.
* * * LOW HITPOINT WARNING * * *
You take 3 damage, and have 13/48 hp.
Unknown command.
You miss Natasha.
The cerulean imp hits you but does no damage.
Natasha barely misses you.
Sigmund hits you with a +1 scythe of pain!
* * * LOW HITPOINT WARNING * * *
You take 9 damage, and have 4/48 hp.
Unknown command.
You barely miss Sigmund.
The cerulean imp hits you from afar with a +1 spear.
* * * LOW HITPOINT WARNING * * *
Natasha closely misses you.
The cerulean imp hits you but does no damage.
You take 3 damage, and have 1/48 hp.
Unknown command.
It was a potion of brilliance.
You feel clever all of a sudden.
You feel less confused.
Sigmund mumbles some strange words.
Sigmund flickers and vanishes!
Deactivating autopickup; reactivate with Ctrl-A.
Natasha claws you but does no damage.
The cerulean imp hits you from afar with a +1 spear.
You die...

.#.#.#.# #....)...######### *,
...###.# #.###....######### *,
.......#** *,###....######### *,
######..,****,###...........## *,
,,,,,....,,,,,###....######.## *,
********#.#***#####.#######.## *,
****** #...**#####.#######.## *,
,,,,,* *###..######.#######.##**+
,,,,,* *.......h@....######.##,,,
,,,,,* *.####..{###..######.##,,,
,,,,,* *,* #..5###..######.##,,,
,,,,,* *,* ##..# #..# *,**,,,
,,,,,***,****...#*#..# *,,,,,,
,,,,,,,,,,,,.....,...# *,,*,,,
,,,,,,,,,,,.....#,##.#*****,**,,,
***,,,,,,,..(...#,,,..,,,,,,**,,,
',,,,,,,,........,,*,***,>,,**,,,


You could see Natasha and a cerulean imp (summoned).

Vanquished Creatures
  Grinder (D:3)
  Jessica (D:2)
  Natasha (D:3)
  4 gnolls (D:3)
  2 adders (D:2 D:3)
  A dart slug (D:1)
  A ribbon worm (D:3)
  An orc (D:3)
  A giant cockroach (D:1)
  5 goblins (D:1 D:2)
  3 hobgoblins (D:2 D:3)
  2 jackals (D:3)
  A quokka (D:3)
  A ball python (D:1)
  3 bats (D:1 D:2)
  2 frilled lizards (D:1 D:3)
  3 kobolds (D:1)
  4 rats (D:1 D:2)
37 creatures vanquished.

Notes
Turn   | Place    | Note
-------+----------+-------------------------------------------
     0 | D:1      | Ambrosia the Demonspawn Fighter began the quest for the
                  | Orb.
     0 | D:1      | Reached XP level 1. HP: 18/18 MP: 1/1
     0 | D:1      | Ambrosia: I didn't mean to do that
     0 | D:1      | Ambrosia: lol
     0 | D:1      | Ambrosia: got the morgue luckily
     0 | D:1      | Ambrosia: but see
     0 | D:1      | Ambrosia: I am not that ass
     0 | D:1      | Ambrosia: at the game
     0 | D:1      | TheSexyCheese: you arent
     0 | D:1      | TheSexyCheese: everyone started somewhere
     0 | D:1      | Ambrosia: ok wtf
     0 | D:1      | TheSexyCheese: wasnt until mid last year when i started
                  | getting past lair
     0 | D:1      | Ambrosia: same
     0 | D:1      | Ambrosia: but no
     0 | D:1      | Ambrosia: not same
     0 | D:1      | TheSexyCheese: then i started getting a lot better
     0 | D:1      | Ambrosia: now almost every run I get to lair
     0 | D:1      | Ambrosia: and past
     0 | D:1      | Ambrosia: same
     0 | D:1      | TheSexyCheese: yea
     0 | D:1      | Ambrosia: also
     0 | D:1      | TheSexyCheese: and honestly
     0 | D:1      | Ambrosia: these runs make no fucking sense
     0 | D:1      | Ambrosia: on my other account I ranked like 126
     0 | D:1      | TheSexyCheese: if you are a bit more careful, caster is
                  | wayyy easier than melee
     0 | D:1      | TheSexyCheese: and more fun
     0 | D:1      | Ambrosia: this time I ranked 300
     0 | D:1      | Ambrosia: and I had MORE POINTS
     0 | D:1      | Ambrosia: on the 300 ranked one
     0 | D:1      | Ambrosia: WTF IS THIS GAME
     0 | D:1      | Ambrosia: LOL
     0 | D:1      | Ambrosia:
                  | https://cbro.berotato.org/morgue/Ambrosia/morgue-Ambrosia-2
                  | 0240202-002145.txt
     0 | D:1      | Ambrosia: newest
     0 | D:1      | Ambrosia:
                  | https://cbro.berotato.org/morgue/Juni/morgue-Juni-20240201-
                  | 014912.txt
     0 | D:1      | Ambrosia: oldest
     0 | D:1      | Ambrosia: look for yourself
     0 | D:1      | Ambrosia: OH
     0 | D:1      | TheSexyCheese: wow
     0 | D:1      | Ambrosia: I spent 2 hours more on the newst run
     0 | D:1      | Ambrosia: no wonder
     0 | D:1      | Ambrosia: lol
     0 | D:1      | TheSexyCheese: my average wins time is maybe like 7ish
                  | hours?
     0 | D:1      | TheSexyCheese: dunno extactly
     0 | D:1      | Ambrosia: damn
     0 | D:1      | TheSexyCheese: but not i wither try for 15 or die trying
     0 | D:1      | Ambrosia: welp here goes another run
    30 | D:1      | TheSexyCheese: ive come sooo close and died a few times
                  | really sucks
    30 | D:1      | Ambrosia: silver jav on d1
    30 | D:1      | Ambrosia: wtf
    44 | D:1      | Ambrosia: and 5 of them?
    44 | D:1      | Ambrosia: bet
   163 | D:1      | TheSexyCheese: save them lol
   163 | D:1      | Ambrosia: lol
   163 | D:1      | Ambrosia: oh ye
   246 | D:1      | TheSexyCheese: they are great in tatarus
   249 | D:1      | Gained mutation: You are partially covered in large bone
                  | plates. (SH +4) [demonic ancestry]
   249 | D:1      | Reached XP level 2. HP: 14/24 MP: 2/2
   252 | D:1      | TheSexyCheese: tartarus
   393 | D:1      | Ambrosia: I am never doing 4+ rune run
   393 | D:1      | TheSexyCheese: why
   393 | D:1      | Ambrosia: I hate pan and I hate hell
   399 | D:1      | Reached skill level 2 in Polearms
   399 | D:1      | Reached skill level 3 in Shields
   576 | D:1      | TheSexyCheese: it gets to where pan is soooo easy
   584 | D:1      | TheSexyCheese: you farm pan
   681 | D:1      | Ambrosia: eh
   681 | D:1      | Ambrosia: :o
   681 | D:1      | Ambrosia: good start
   966 | D:1      | TheSexyCheese: ofc ive never done it without caster
  1060 | D:2      | Ambrosia: damn it
  1060 | D:2      | TheSexyCheese: caster makes late game really fun and easier
  1060 | D:2      | Ambrosia: not again
  1072 | D:2      | TheSexyCheese: HA
  1083 | D:2      | Ambrosia: it wares off btw
  1085 | D:2      | TheSexyCheese: ik
  1137 | D:2      | Ambrosia: thank god I figured that out lol
  1137 | D:2      | Ambrosia: I kept dying to that
  1137 | D:2      | Ambrosia: before
  1172 | D:2      | Noticed Jessica
  1178 | D:2      | Killed Jessica
  1179 | D:2      | Reached skill level 3 in Armour
  1179 | D:2      | Reached XP level 3. HP: 20/29 MP: 3/3
  1199 | D:2      | TheSexyCheese: lol
  1211 | D:2      | TheSexyCheese: rookie
  1230 | D:2      | Identified the -2 cloak of Nemelex Xobeh's Esteem {^Contam
                  | Harm rN++ rCorr}
  1287 | D:2      | Ambrosia: damn
  1287 | D:2      | Ambrosia: nemelex esteem is -2
  1581 | D:2      | TheSexyCheese: i gtg but ill be on tomorrow and prolly
                  | everyday for the rest of the year
  1588 | D:2      | Ambrosia: ight, so u can help
  1588 | D:2      | Ambrosia: yay
  1588 | D:2      | Ambrosia: seeya
  1588 | D:2      | TheSexyCheese: my dcss playing binge has restarted
  1588 | D:2      | TheSexyCheese: yea i can help
  1588 | D:2      | Ambrosia: lol
  1721 | D:3      | Noticed Natasha
  1725 | D:3      | TheSexyCheese: anyways gl on this one and congrats with
                  | that death earlier
  1730 | D:3      | Killed Natasha
  1731 | D:3      | Reached XP level 4. HP: 30/35 MP: 4/4
  1803 | D:3      | TheSexyCheese: cya
  1803 | D:3      | Ambrosia: bie
  1803 | D:3      | Ambrosia: bye
  1803 | D:3      | Ambrosia: lol
  1807 | D:3      | TheSexyCheese: ha
  1847 | D:3      | Noticed Grinder
  1870 | D:3      | Gained mutation: Spells you cast may paralyse adjacent
                  | enemies. [demonic ancestry]
  1870 | D:3      | Reached XP level 5. HP: 24/42 MP: 5/5
  1874 | D:3      | HP: 20/42 [Grinder (6)]
  1876 | D:3      | Killed Grinder
  1877 | D:3      | Reached skill level 4 in Fighting
  1877 | D:3      | Reached skill level 3 in Polearms
  1877 | D:3      | Reached skill level 4 in Shields
  1877 | D:3      | Gained mutation: Spells you cast may paralyse nearby
                  | enemies. [demonic ancestry]
  1877 | D:3      | Reached XP level 6. HP: 19/48 MP: 6/6
  2101 | D:3      | Noticed Sigmund
  2117 | D:3      | HP: 20/48 [Sigmund/puff of flame (10)]
  2122 | D:3      | Noticed Natasha
  2129 | D:3      | HP: 16/48 [Sigmund/magic dart (5)]
  2131 | D:3      | HP: 4/48 [Sigmund/+1 scythe of pain (9)]
  2132 | D:3      | HP: 1/48 [cerulean imp/+1 spear[Natasha] (4)]
  2133 | D:3      | Slain by a cerulean imp

Illustrated notes

Levels and vault maps discovered:
D:1:      lightli_arrival_farm, layout_basic, item_on_display_a
D:2:      layout_loops_cross, uniq_jessica
D:3:      layout_basic, uniq_natasha, uniq_grinder, uniq_sigmund

Skill      XL: |  1  2  3  4  5 |
---------------+----------------+-----
Polearms       | 2 3 |  3.1
Shields        | 3 4 |  4.5
Armour         | 3 |  3.7
Fighting       | 4 |  4.1

Action                     |  1- 3 |  4- 6 || total
---------------------------+-------+-------++-------
  Melee: Trident           |    72 |    38 ||   110
  Throw: Javelin           |     6 |     8 ||    14
    Use: Scroll            |     4 |     2 ||     6
         Potion            |       |     2 ||     2
 Armour: Scale mail        |    27 |       ||    27
         Ring mail         |    13 |    30 ||    43
  Dodge: Dodged            |    21 |    15 ||    36
  Block: Buckler           |    27 |    18 ||    45

Table legend: (Time is in decaauts)
 A = Elapsed time spent in this place.
 B = Non-inter-level travel time spent in this place.
 C = Inter-level travel time spent in this place.
 D = Time resting spent in this place.
 E = Time spent auto-exploring this place.
 F = Levels seen in this place.
 G = Mean time per level.
                   A        B        C        D        E       F      G
               +--------+--------+--------+--------+--------+-----+--------+
         Total |   2188 |   2156 |     32 |    342 |   1460 |   3 |  729.3 |
       Dungeon |   2188 |   2156 |     32 |    342 |   1460 |   3 |  729.3 |
               +--------+--------+--------+--------+--------+-----+--------+

Top non-repeatable levels by time:
     D:1: 1030 daAuts
     D:2: 653 daAuts
     D:3: 504 daAuts

Levels and vault maps discovered:
D:1:      lightli_arrival_farm, layout_basic, item_on_display_a
D:2:      layout_loops_cross, uniq_jessica
D:3:      layout_basic, uniq_natasha, uniq_grinder, uniq_sigmund

Table legend: (Time is in decaauts)
 A = Elapsed time spent in this place.
 B = Non-inter-level travel time spent in this place.
 C = Inter-level travel time spent in this place.
 D = Time resting spent in this place.
 E = Time spent auto-exploring this place.
 F = Levels seen in this place.
 G = Mean time per level.
                   A        B        C        D        E       F      G
               +--------+--------+--------+--------+--------+-----+--------+
         Total |   2188 |   2156 |     32 |    342 |   1460 |   3 |  729.3 |
       Dungeon |   2188 |   2156 |     32 |    342 |   1460 |   3 |  729.3 |
               +--------+--------+--------+--------+--------+-----+--------+

Top non-repeatable levels by time:
     D:1: 1030 daAuts
     D:2: 653 daAuts
     D:3: 504 daAuts

Table legend:
 A = Kills in this place as a percentage of kills in the entire game.
 B = Kills by you in this place as a percentage of kills by you in the entire game.
 C = Kills by friends in this place as a percentage of kills by friends in the entire game.
 D = Other kills in this place as a percentage of other kills in the entire game.
 E = Experience gained in this place as a percentage of experience gained in the entire game.
 F = Experience gained in this place divided by the number of levels of this place that you have seen.
                   A       B       C       D       E      F
               +-------+-------+-------+-------+-------+----------------------
         Total | 100.0 | 100.0 |   N/A |   N/A | 100.0 | 159.0
       Dungeon | 100.0 | 100.0 |   N/A |   N/A | 100.0 | 159.0
               +-------+-------+-------+-------+-------+----------------------
